 Dungeon Crawl Stone Soup version 0.30-a0-738-g116ff8c4af (webtiles) character file.

Game seed: 12181687656958428308

2530 mopl the Covert (level 9, -3/57 HPs)
             Began as an Octopode Brigand on Feb 3, 2023.
             Was an Initiate of Dithmenos.
             Slain by a killer bee (8 damage)
             ... on level 6 of the Dungeon.
             The game lasted 00:08:49 (5696 turns).

mopl the Covert (Octopode Brigand)                  Turns: 5696, Time: 00:08:49

Health: -3/57      AC:  3    Str: 11    XL:     9   Next: 54%
Magic:  11/11      EV: 13    Int: 13    God:    Dithmenos [......]
Gold:   215        SH:  0    Dex: 17    Spells: 8/8 levels left

rFire   . . .      SeeInvis .    a - +0 dagger (venom)
rCold   + . .      Faith    .    (no shield)
rNeg    + . .      Spirit   .    C - +2 hat
rPois   .          Reflect  .    r - amulet of regeneration
rElec   .          Harm     .    f - ring of protection from cold
rCorr   .          Rampage  .    z - ring of positive energy
Will    .....                    (no ring)
Stlth   ++++++                   (no ring)
HPRegen 1.09/turn                (no ring)
MPRegen 0.12/turn                (no ring)
                                 (no ring)
                                 (no ring)

@: no status effects
A: almost no armour, amphibious, 8 rings, camouflage 1, gelatinous body 1,
(nimble swimmer 1), tentacles
a: Renounce Religion


You were on level 6 of the Dungeon.
You worshipped Dithmenos.
Dithmenos was noncommittal.
You visited 2 branches of the dungeon, and saw 8 of its levels.
You also visited: Sewer.

You collected 328 gold pieces.
You spent 113 gold pieces at shops.

Inventory:

Hand Weapons
 a - a +0 dagger of venom (weapon)
 b - a +1 short sword of electrocution
Missiles
 c - 2 curare-tipped darts
 n - 17 poisoned darts (quivered)
 w - 5 boomerangs
Armour
 C - a +2 hat (worn)
Jewellery
 f - a ring of protection from cold (left tentacle)
 r - an amulet of regeneration (around mantle)
 u - an amulet of reflection
 z - a ring of positive energy (right tentacle)
Wands
 y - a wand of acid (10)
 E - a wand of roots (4)
Scrolls
 d - 3 scrolls of teleportation
 e - a scroll of fear {unknown}
 i - a scroll of enchant armour {unknown}
 j - a scroll of immolation {unknown}
 o - 2 scrolls of brand weapon {unknown}
 t - a scroll of butterflies {unknown}
 x - 3 scrolls of blinking {unknown}
 D - a scroll of noise {unknown}
Potions
 g - 2 potions of might
 h - 4 potions of lignification {unknown}
 k - a potion of magic
 l - 3 potions of resistance
 m - 3 potions of curing
 p - a potion of haste
 q - a potion of heal wounds
 v - a potion of invisibility
 A - 3 potions of flight
 B - a potion of ambrosia
 F - a potion of brilliance


   Skills:
 + Level 3.4 Fighting
 + Level 6.9 Short Blades
 + Level 6.9 Throwing
 - Level 1.0 Dodging
 + Level 10.8 Stealth
 + Level 3.2 Invocations
 + Level 2.9 Evocations


You had 8 spell levels left.
You didn't know any spells.
Your spell library contained the following spells:

 Spells                   Type           Power      Damage    Failure   Level
 Freeze                   Ice            0%         1d3       30%         1
 Kiss of Death            Conj/Necr      0%         2d5       30%         1
 Slow                     Hex            0%         N/A       30%         1
 Lesser Beckoning         Tloc           0%         N/A       43%         2
 Confusing Touch          Hex            0%         N/A       67%         3
 Frozen Ramparts          Ice            0%         1d1       67%         3
 Gell's Gravitas          Tloc           0%         N/A       67%         3
 Hailstorm                Conj/Ice       0%         3d3       67%         3
 Teleport Other           Tloc           0%         N/A       67%         3
 Vampiric Draining        Necr           0%         2d6       67%         3
 Dispel Undead            Necr           0%         3d6       97%         4


Dungeon Overview and Level Annotations

Branches:
Dungeon (7/15)             Temple (1/1) D:6           Sewer (visited)

Altars:
Dithmenos
Elyvilon
Fedhas
Gozag
Hepliaklqana
Kikubaaqudgha
Nemelex Xobeh
Okawaru
Qazlal
Uskayaw
Wu Jian
Xom
Yredelemnul
Zin

Shops:
D:2 *

Annotations:
D:3 2 transporters, mopl's ghost, amateur OgGl
D:6 dig


Innate Abilities, Weirdness & Mutations

You cannot wear most types of armour.
You are amphibious.
You can wear up to eight rings at the same time.
Your skin changes colour to match your surroundings (Stealth+).
Your rubbery body absorbs attacks. (AC +1, EV +1)
((You are camouflaged when in or above water. (Stealth+)))
You have tentacles for arms and can constrict up to eight enemies at once.


Message History

You constrict the killer bee.
You feel sick. The killer bee barely misses you.
You closely miss the killer bee. Your squeeze misses the killer bee.
The killer bee is heavily wounded.
You constrict the killer bee.
You feel sick. The killer bee barely misses you. The killer bee misses you.
Okay, then.
You hit the killer bee.
The killer bee looks as sick as possible!
You squeeze the killer bee.
You kill the killer bee!
Dithmenos accepts your kill.
You feel sick.
Aiming: Corrosive Bolt
Press: ? - help, Shift-Dir - straight line, f - killer bee
Aim: a killer bee (48% to hit)
The bolt of acid misses the killer bee.
The bolt of acid hits the killer bee!
The acid corrodes the killer bee!
The killer bee is severely wounded.
You feel sick. The killer bee closely misses you. The killer bee stings you!
* * * LOW HITPOINT WARNING * * *
You are more poisoned.
The killer bee poisons you!
Unknown command.
You feel better. The killer bee barely misses you.
The killer bee closely misses you.
You barely miss the killer bee. Your grab misses the killer bee.
The killer bee stings you!
* * * LOW HITPOINT WARNING * * *
You hit the killer bee.
The killer bee is poisoned.
You grab the killer bee. Your squeeze misses the killer bee.
The killer bee is moderately wounded.
You constrict the killer bee, but do no damage.
The killer bee stings you.
* * * LOW HITPOINT WARNING * * *
The killer bee closely misses you.
You hit the killer bee but do no damage.
The killer bee looks as sick as possible!
The killer bee is moderately wounded.
You constrict the killer bee. The killer bee stings you!
You die...

≈.########......#...###.#
≈...............#..## #.#
≈.#........#..#....####.##
..#...####.#..##.#.......#
>.....# #.#..##.######..#
####..####.#..##.# #..#
#..........##.# #..#
##.#....#..##.# #..#
#.#.####..##@# #..# #.#.#
#..##y######..# #.#.#
##....y........#
#####.#.###..........>..##
.................########
######..###..##### .#
#.........# .###.#..###..#
.....#..# #..#


You could see 2 killer bees.

Vanquished Creatures
  A two-headed ogre (D:6)
  An ugly thing (D:7)
  2 water moccasins (D:7)
  2 ice beasts
  An ogre (D:5)
  A phantom (D:6)
  2 bullfrogs
  A kobold brigand (Sewer)
  A necrophage (D:6)
  3 killer bees
  2 howler monkeys
  A hound (D:6)
  2 orc priests
  4 iguanas
  An orc wizard (D:6)
  10 adders
  6 gnolls
  4 river rats
  2 worms
  5 dart slugs
  17 orcs
  3 bats
  6 endoplasms
  4 giant cockroaches
  7 goblins
  3 hobgoblins
  5 jackals
  5 quokkas
  8 ball pythons
  A frilled lizard (D:1)
  7 kobolds
  8 rats
126 creatures vanquished.

Notes
Turn   | Place    | Note
-------+----------+-------------------------------------------
     0 | D:1      | mopl the Octopode Brigand began the quest for the Orb.
     0 | D:1      | Reached XP level 1. HP: 14/14 MP: 1/1
   204 | D:1      | Reached XP level 2. HP: 14/19 MP: 2/2
   402 | D:1      | Reached XP level 3. HP: 11/24 MP: 3/3
   902 | D:2      | Reached skill level 6 in Stealth
  1100 | D:2      | Reached XP level 4. HP: 27/29 MP: 4/4
  1115 | D:2      | Found Olisumei's Assorted Antiques.
  1119 | D:2      | Bought a fuming emerald potion for 26 gold pieces
  1577 | D:2      | Reached skill level 3 in Short Blades
  1638 | D:2      | Reached skill level 3 in Throwing
  1921 | D:3      | Reached XP level 5. HP: 34/34 MP: 5/5
  2116 | D:3      | Found a transporter.
  2116 | D:3      | Noticed mopl's ghost (amateur OgGl)
  2332 | D:3      | Found a transporter.
  2754 | D:4      | Reached skill level 7 in Stealth
  2965 | D:4      | Reached XP level 6. HP: 39/39 MP: 6/6
  3364 | D:2      | Bought 3 scrolls labelled MUYFEI HOXAE for 87 gold pieces
  3448 | D:5      | Entered Level 5 of the Dungeon
  3521 | D:5      | Reached skill level 4 in Short Blades
  3521 | D:5      | Reached skill level 4 in Throwing
  3712 | D:5      | Reached XP level 7. HP: 45/45 MP: 7/7
  3847 | D:5      | Reached skill level 8 in Stealth
  4421 | D:6      | Noticed a two-headed ogre
  4427 | D:6      | HP: 2/45 [two-headed ogre/+0 giant club (7)]
  4428 | D:6      | Killed a two-headed ogre
  4429 | D:6      | Reached skill level 5 in Short Blades
  4429 | D:6      | Reached skill level 5 in Throwing
  4429 | D:6      | Reached skill level 9 in Stealth
  4429 | D:6      | Reached XP level 8. HP: 5/50 MP: 8/8
  4486 | D:6      | Found a hide-covered altar of Uskayaw.
  4519 | D:6      | Found a staircase to the Ecumenical Temple.
  4553 | D:6      | Found a glowing drain.
  4564 | Sewer    | Entered a sewer
  4636 | Sewer    | Reached skill level 6 in Short Blades
  4653 | Sewer    | Found a white marble altar of Elyvilon.
  4758 | D:6      | Reached skill level 6 in Throwing
  4825 | D:6      | Reached skill level 10 in Stealth
  4881 | Temple   | Entered the Ecumenical Temple
  4892 | Temple   | Became a worshipper of Dithmenos the Shadowed
  4923 | Temple   | Reached skill level 1 in Invocations
  5060 | D:6      | Reached skill level 1 in Evocations
  5254 | D:6      | Found an opulent altar of Gozag.
  5352 | D:6      | Reached XP level 9. HP: 55/55 MP: 10/10
  5359 | D:7      | Noticed a white ugly thing
  5382 | D:7      | Killed a white ugly thing
  5383 | D:7      | Reached skill level 3 in Fighting
  5383 | D:7      | Reached skill level 2 in Invocations
  5383 | D:7      | Reached skill level 2 in Evocations
  5604 | D:7      | Reached skill level 3 in Invocations
  5696 | D:6      | Slain by a killer bee

Illustrated notes

Levels and vault maps discovered:
D:1:      giann_bridges, layout_basic
D:2:      layout_loops_ring, serial_shops, shop_statue
D:3:      layout_rooms, gammafunk_ghost_mausoleum, hangedman_decor_slide_cut
D:4:      layout_basic
D:5:      layout_basic
D:6:      layout_loops_ring, mainiacjoe_overflow_alcove_1,
          mainiacjoe_overflow_concentric_impassable, minmay_temple_entry_arrows,
          portal_sewer_entry_e, due_unseen_surprise
D:7:      layout_gridville, mainiacjoe_overflow_paths
Temple:   eino_temple_lava

Skill      XL: |  1  2  3  4  5  6  7  8  9 |
---------------+----------------------------+-----
Stealth        | 6 7 9 10 | 10.8
Short Blades   | 3 4 5 6 |  6.9
Throwing       | 3 4 5 6 |  6.9
Invocations    | 1 3 |  3.2
Evocations     | 1 2 |  2.9
Fighting       | 3 |  3.4
Dodging        | |  1.0

Action                     |  1- 3 |  4- 6 |  7- 9 || total
---------------------------+-------+-------+-------++-------
  Melee: Dagger            |    65 |   128 |   128 ||   321
         Constrict         |    14 |    36 |    22 ||    72
         Tentacles         |     9 |    32 |    32 ||    73
         Punch             |       |     1 |     1 ||     2
         Short sword       |       |       |     5 ||     5
  Throw: Dart              |       |     4 |    11 ||    15
  Evoke: Wand              |       |       |     1 ||     1
    Use: Potion            |     1 |       |     4 ||     5
         Scroll            |       |       |     8 ||     8
   Stab: Sleeping          |     6 |    10 |    15 ||    31
         Distracted        |     1 |     1 |     2 ||     4
 Armour: Skin              |     6 |     4 |     8 ||    18
  Dodge: Dodged            |    31 |    59 |    71 ||   161

Table legend: (Time is in decaauts)
 A = Elapsed time spent in this place.
 B = Non-inter-level travel time spent in this place.
 C = Inter-level travel time spent in this place.
 D = Time resting spent in this place.
 E = Time spent auto-exploring this place.
 F = Levels seen in this place.
 G = Mean time per level.
                   A        B        C        D        E       F      G
               +--------+--------+--------+--------+--------+-----+--------+
         Total |   5621 |   5321 |    300 |    601 |   3572 |   9 |  624.6 |
       Dungeon |   5429 |   5129 |    300 |    568 |   3493 |   7 |  775.6 |
        Temple |     60 |     60 |      0 |     31 |      0 |   1 |   60.0 |
         Sewer |    130 |    130 |      0 |      2 |     79 |   1 |  130.0 |
               +--------+--------+--------+--------+--------+-----+--------+

Top non-repeatable levels by time:
     D:4: 948 daAuts
     D:5: 937 daAuts
     D:2: 912 daAuts
     D:1: 910 daAuts
     D:6: 756 daAuts
     D:3: 651 daAuts
     D:7: 313 daAuts
   Sewer: 130 daAuts
  Temple: 60 daAuts
